[Event "101st Irish Championship 2022"]
[Site "Dublin"]
[Date "2022.07.05"]
[Round "1.11"]
[White "Venkatesan, Kavin"]
[Black "Keenan, Cathal"]
[Result "1-0"]
[ECO "A18"]
[WhiteElo "2076"]
[BlackElo "1811"]
[Annotator "TA"]
[PlyCount "97"]
[EventDate "2022.07.05"]
[EventType "swiss"]
[EventCountry "IRL"]
[SourceTitle "playchess.com"]
[Source "ChessBase"]
[SourceQuality "1"]
[TimeControl "40/6300+30:1800+30"]

1. c4 Nf6 2. Nc3 e6 3. e4 d5 4. e5 d4 5. exf6 dxc3 6. bxc3 Qxf6 7. d4 Nc6 8. Nf3 h6 9. Bd3 Bd6 {[%emt 0:18:26] [#]} (9... e5 $14) 10. Qe2 {[%emt 0:07:17] [#] A18: English Opening: Flohr-Mikenas System (1 c4 Nf6 2 Nc3 e6 3 e4).} (10. O-O $1 $16) 10... g5 $146 (10... Bd7 $14) ({Predecessor:} 10... O-O 11. h4 Qd8 12. c5 Be7 13. Bf4 e5 14. Nxe5 Nxe5 15. Bxe5 f5 16. Kf1 Bf6 17. Re1 Bd7 18. Bxf6 Qxf6 {1-0 (40) Contin,D (2307)-Iudicello,M (2160) Torino 2010}) 11. Bb2 (11. Rb1 $142) 11... b6 $2 (11... O-O $16) 12. c5 $18 {[%emt 0:24:40] White is clearly better.} bxc5 13. Bb5 $2 (13. Be4 $18 Bd7 14. Qa6) 13... Bd7 $14 {[%emt 0:01:24][%cal Oa7a6] [#]} 14. dxc5 $1 Bxc5 15. O-O {[%emt 0:06:28] Threatens to win with c4.} O-O 16. Rad1 {[%emt 0:02:20][%mdl 1024] White has compensation.} Be8 17. Qe4 ({Better is} 17. c4 $16 Qf4 18. Rfe1) 17... e5 (17... Rb8 $5 18. Bxc6 Rxb2 19. Bxe8 Rxe8 $11) 18. c4 a6 19. Ba4 $40 {[%emt 0:02:50][%cal Rf3e5][%mdl 128] Black needs to defend precisely.} Rb8 20. Bc2 Qg6 {[%emt 0:00:22] Against Qh7+} 21. Bxe5 (21. Qxg6+ {is more complex.} fxg6 22. Ba1 Nd4 23. Be4) 21... Qxe4 22. Bxe4 Nxe5 23. Nxe5 Rb2 $2 {[%emt 0:00:17][%mdl 8192] Black is now going downhill.} (23... Kg7 $11) 24. Nd3 $1 $18 Bd4 25. Nxb2 Bxb2 26. Rd8 a5 27. Rb1 Ba3 28. Rbb8 Bd7 29. Rxf8+ Bxf8 {[%emt 0:00:11][%mdl 4096] Endgame KRB-KB} 30. Rd8 Be6 31. Bd5 Bxd5 32. cxd5 {[%emt 0:01:26] KR-KB} Kg7 33. Ra8 Bb4 34. Ra7 Kf6 35. Rxc7 Ke5 (35... Be7 $142 36. Kf1 a4) 36. Rxf7 Kxd5 37. Kf1 Kc4 38. Rc7+ Kb5 39. g4 Bd6 40. Rh7 Bxh2 41. Rxh6 Bf4 42. Ke2 Kb4 43. Rh3 (43. Rf6 $142 Bc1 44. Rf5 Bb2 45. Rxg5 a4 46. f4 Kc4 47. Ra5 Kb4 48. Ra7) 43... a4 44. Rd3 Kc4 45. Rf3 {[%emt 0:01:30][%cal Of3f4] Intending Rxf4+! and mate.} Bd6 46. Kd2 (46. Rf5 $142 Be7 47. f4 gxf4 48. g5) 46... Be7 47. Kc2 (47. Rf5 $142 Kd4 48. f4 gxf4 49. g5) 47... Kd4 48. Rf7 Bc5 49. Rg7 {[%emt 0:01:10] Weighted Error Value: White=0.24 (precise) /Black=0.77} 1-0

[Event "101st Irish Championship 2022"]
[Site "Dublin"]
[Date "2022.07.05"]
[Round "1.12"]
[White "Liu, Jason"]
[Black "O'Connell, Gerard"]
[Result "0-1"]
[ECO "B76"]
[WhiteElo "1746"]
[BlackElo "2052"]
[Annotator "TA"]
[PlyCount "38"]
[EventDate "2022.07.05"]
[EventType "swiss"]
[EventCountry "IRL"]
[SourceTitle "playchess.com"]
[Source "ChessBase"]
[SourceQuality "1"]
[TimeControl "40/6300+30:1800+30"]

1. e4 c5 2. Nf3 d6 3. d4 cxd4 4. Nxd4 Nf6 5. Nc3 g6 6. Be3 Bg7 7. f3 Nc6 8. Qd2 O-O 9. O-O-O d5 10. Nxc6 bxc6 11. exd5 Nxd5 12. Bd4 e5 13. Bc5 Be6 {[%emt 0:00:40] 13...Re8 is the fancy move.} 14. Ne4 Qc7 {[%emt 0:05:04] B76: Sicilian Dragon: Yugoslav Attack, 9 g4 and 9 0-0-0.} 15. c4 $2 {[%emt 0:12:52] [#]} (15. Bxf8 $16 {keeps the pressure on.} Bxf8 16. Bc4) 15... Rfd8 $1 $17 {[%emt 0:12:34][%cal Oa8b8] [#]} 16. Qf2 $146 ({Wrong is} 16. cxd5 $2 cxd5 17. Qc2 dxe4 $19) ({Only move:} 16. h4 $1 $15) ({Predecessor:} 16. Kb1 Nc3+ 17. Nxc3 Rxd2 18. Rxd2 Rd8 19. Rxd8+ Qxd8 20. Be2 Bf5+ 21. Ka1 Bc2 22. Be3 {1-0 (40) Rau,J (2157)-Flachsbart,A (2108) Wuerttemberg 2000}) 16... Qa5 17. a3 Nb6 {[%emt 0:31:25] ...Rxd1+ is the strong threat.} 18. Rxd8+ Rxd8 19. Qc2 {[%emt 0:03:52][%mdl 8192] [#]} (19. b3 $15 Bf8 20. Be2) 19... Qe1+ {[%emt 0:00:56] Weighted Error Value: White=1.28/Black=0.24 (precise)} 0-1

[Event "101st Irish Championship 2022"]
[Site "Dublin"]
[Date "2022.07.05"]
[Round "2.1"]
[White "O`Donnell, Conor"]
[Black "O`Gorman, Tom"]
[Result "1/2-1/2"]
[ECO "E32"]
[WhiteElo "2269"]
[BlackElo "2401"]
[Annotator "TA"]
[PlyCount "145"]
[EventDate "2022.07.05"]
[EventType "swiss"]
[EventCountry "IRL"]
[SourceTitle "playchess.com"]
[Source "ChessBase"]
[SourceQuality "1"]
[TimeControl "40/6300+30:1800+30"]

1. d4 Nf6 2. c4 e6 3. Nc3 Bb4 4. Qc2 O-O 5. e4 d6 6. e5 dxe5 {[%emt 0:02:26] 6...Nfd7 is more fashionable. E32: Nimzo-Indian: Classical (4 Qc2): 4...0-0.} 7. dxe5 Ng4 8. Nf3 {[%emt 0:04:12] aiming for h3.} Nc6 9. Bf4 {[%emt 0:02:24] Strongly threatening Rd1.} Nd4 10. Qd2 Nxf3+ 11. gxf3 Qxd2+ 12. Kxd2 Nh6 (12... Nxf2 {is interesting.} 13. Rg1 Rd8+ 14. Kc2 Bc5) 13. Bxh6 gxh6 14. a3 Be7 {[%emt 0:07:18] [#]} 15. Rg1+ $146 ({Predecessor:} 15. Ne4 f5 16. exf6 Bxf6 17. Nxf6+ Rxf6 18. Rg1+ Kf7 19. Ke3 Bd7 20. Bd3 Bc6 21. Be4 {½-½ (52) Drygalov,S (2490)-Maiorov,N (2463) Cheliabinsk 2021}) 15... Kh8 16. Ne4 Bd7 17. Bd3 (17. Nf6 {is more complex.} Rfd8 18. Bd3 Bc6 19. Rg3) 17... Rad8 18. Ke2 Bc6 19. Rad1 b6 ({Black should play} 19... Bxe4 20. Bxe4 Bg5) 20. Bc2 (20. Nf6 $142) 20... Bxe4 $11 21. Bxe4 Bg5 22. Rxd8 Rxd8 23. Rd1 {[%emt 0:00:02] Inhibits Rd2+.} Rxd1 24. Kxd1 $17 {[%emt 0:00:02][%mdl 4096] Endgame KB-KB} Bf4 25. h3 Bxe5 26. b3 Kg7 27. Ke2 f5 28. Bc6 Kf6 29. a4 Bd6 30. Bd7 a5 31. Kd3 Bc5 32. Ke2 Ke5 33. f4+ $1 Kd4 34. Bxe6 {[%emt 0:00:30] [#]} Kc3 $1 35. Bd7 ({Better is} 35. Bxf5 Kxb3 36. Bd7) 35... Kxb3 36. Bb5 Kc3 37. Ba6 Kd4 38. f3 Bd6 39. Bc8 $2 (39. Kd2 $17 {is tougher.}) 39... Kxc4 $19 {[%emt 0:00:51] ...Kb3 is the strong threat.} 40. Bxf5 (40. Bd7 $142 Bxf4 41. Bc6) 40... Bxf4 41. Bd7 {[%emt 0:03:26] [#]} Kc5 $2 (41... c5 $1 $19 {and Black stays clearly on top.} 42. h4 Kb3) 42. Kd3 $17 c6 43. Kc3 h5 44. Kb3 b5 45. axb5 (45. Bf5 $17) 45... cxb5 $19 46. Be8 h4 47. Bd7 a4+ 48. Ka2 Kb4 49. Bf5 h6 50. Bd7 Ka5 51. Bf5 b4 52. Be6 Bd6 53. Kb2 Be7 54. Bf7 Bc5 55. Be6 Bd4+ 56. Ka2 Kb6 57. Bd7 Ka5 58. Be6 Be3 59. Bf7 Ba7 60. Be6 Bb8 61. Bf7 Bd6 62. Kb2 Bf8 63. Be6 Bg7+ 64. Ka2 Bf6 65. Bf7 Bd8 66. Be6 Bg5 67. Bf7 Bc1 68. Kb1 Be3 {[%emt 0:00:27] ( -> ...b3)} 69. Ka2 $1 Bd4 70. Be6 $1 Bc5 71. Kb2 $1 Bb6 72. Ka2 Bc5 73. Kb2 $1 {[%emt 0:04:02] Weighted Error Value: White=0.27 (precise) /Black=0.23 (precise)} 1/2-1/2

[Event "101st Irish Championship 2022"]
[Site "Dublin"]
[Date "2022.07.05"]
[Round "2.2"]
[White "Baburin, Alexander"]
[Black "Venkatesan, Kavin"]
[Result "1-0"]
[ECO "E04"]
[WhiteElo "2400"]
[BlackElo "2076"]
[Annotator "TA"]
[PlyCount "99"]
[EventDate "2022.07.05"]
[EventType "swiss"]
[EventCountry "IRL"]
[SourceTitle "playchess.com"]
[Source "ChessBase"]
[SourceQuality "1"]
[TimeControl "40/6300+30:1800+30"]

1. d4 Nf6 2. c4 e6 3. g3 d5 4. Nf3 dxc4 5. Bg2 a6 6. O-O Nc6 7. e3 Rb8 8. Nfd2 e5 {[%emt 0:06:13] E04: Open Catalan: 5 Nf3.} 9. Nxc4 (9. Bxc6+ $16 bxc6 10. dxe5) 9... exd4 $11 10. Bxc6+ {[%emt 0:00:18][%mdl 64] Remove Defender} bxc6 {[%emt 0:00:09] The position is equal.} 11. Qxd4 Qxd4 12. exd4 Be6 {[%emt 0:02:53] [#]} 13. Nba3 $146 ({Predecessor:} 13. Ne5 c5 14. b3 Bd6 15. Ba3 Rb5 16. Nc4 O-O 17. dxc5 Bxc5 18. Nc3 Bxc4 19. Nxb5 Bxf1 20. Kxf1 Bxa3 21. Nxa3 {½-½ (110) Yordanov,L (2325)-Studer,N (2584) Tornelo INT 2021}) 13... c5 14. dxc5 Bxc5 15. b3 O-O 16. Be3 Ne4 17. Bxc5 Nxc5 18. Ne5 f6 19. Nc6 Rb6 20. Nd4 Rd8 21. Nxe6 Rxe6 22. Rac1 Re5 23. Rc2 Ne6 24. Rc6 Rd6 25. Rfc1 Nd4 26. Rxd6 cxd6 {[%emt 0:02:05][%mdl 4096] Endgame KRN-KRN} 27. Rc8+ Kf7 28. Nc4 Re1+ 29. Kg2 Re6 {[%emt 0:03:51] White leaves nothing to chance now.} (29... Ra1 $14) 30. Rc7+ $16 Kf8 31. Ne3 Re7 32. Rc4 Nb5 33. Rc6 Ra7 {[%emt 0:01:23] [#]} 34. Nf5 $1 d5 35. a4 Nc7 36. b4 Ne8 37. Rb6 {[%emt 0:03:42] Against Rb7} g6 (37... Rd7 {was called for.}) 38. Nd4 $18 Kf7 39. Kf3 Rc7 40. Rxa6 {[%emt 0:01:39] Strongly threatening b5.} Rc3+ 41. Ke2 {[%emt 0:30:48] Black must now prevent b5.} Rc4 42. Nc6 ({Less strong is} 42. Ra7+ Kg8 $18) 42... Rc2+ (42... Nd6 {keeps fighting.} 43. Na5 Re4+ 44. Kd3 Nf5) 43. Kd3 Rxf2 44. b5 Nd6 45. Ra7+ Kf8 46. b6 Rb2 47. a5 Rb5 48. Rxh7 Nf7 {[%emt 0:01:47] [#]} 49. Rxf7+ $1 Kxf7 50. b7 {[%emt 0:00:00] Weighted Error Value: White=0.08 (flawless) /Black=0.48} 1-0

[Event "101st Irish Championship 2022"]
[Site "Dublin"]
[Date "2022.07.05"]
[Round "2.3"]
[White "Daly, Colm"]
[Black "Kanyamarala, Tarun"]
[Result "0-1"]
[ECO "A13"]
[WhiteElo "2190"]
[BlackElo "2379"]
[Annotator "TA"]
[PlyCount "166"]
[EventDate "2022.07.05"]
[EventType "swiss"]
[EventCountry "IRL"]
[SourceTitle "playchess.com"]
[Source "ChessBase"]
[SourceQuality "1"]
[TimeControl "40/6300+30:1800+30"]

1. Nf3 d5 2. e3 Nf6 3. c4 e6 4. b3 c5 5. Bb2 Nc6 6. cxd5 exd5 7. Bb5 Bd6 8. d4 {[%emt 0:00:12] A13: English Opening: 1...e6.} cxd4 9. Nxd4 O-O 10. Nd2 {[%emt 0:01:06] The position is equal.} (10. Nxc6 bxc6 11. Bd3 Ng4 $15) 10... Nxd4 11. Bxd4 Qa5 {[%emt 0:00:12] [#]} 12. Bxf6 $146 (12. Be2 $11 {remains equal.}) ({Predecessor:} 12. Bd3 Bg4 13. f3 Be6 14. a3 Nd7 15. b4 Qd8 16. O-O Ne5 17. Bc2 Nc6 18. Bb2 {1-0 (69) Vachier Lagrave,M (2784)-Nihal,S (2620) Chess.com INT 2020}) 12... Qxb5 $17 (12... gxf6 $6 13. Bd3 $11) 13. Bd4 (13. Bc3 $15) 13... Bf5 $1 $19 14. Qe2 Bd3 15. Qg4 (15. a4 $17 Bxe2 16. axb5 Bxb5 17. O-O-O) 15... g6 $1 {[%emt 0:02:43][%cal Bg7g6,Bg6g5][%mdl 32] Active counter play!} 16. h4 $2 (16. Bb2 {is tougher.} Rae8 17. Rc1 (17. Qd4 $2 Be5 $19)) 16... f5 17. Qg5 f4 $1 18. h5 fxe3 19. fxe3 {[%emt 0:03:27] Hoping for hxg6.} Rf5 $1 20. Qg4 g5 21. Rc1 (21. Rh3 {was the only defense.} Be4 22. Rf3 Bxf3 23. gxf3) 21... Raf8 22. Bc3 Re8 23. Rh3 (23. Qd4 $2 Be5 24. Qa4 Bxc3 25. Rxc3 Rxe3+ 26. Kd1 Be2+ 27. Kc2 Rxc3+ 28. Kxc3 Qd3+ 29. Kb2 Qxd2+ $19) 23... Bf4 {[%emt 0:16:49] A strong pair of Bishops.} 24. Bd4 Qb4 (24... Rf7 $1 $19 {...Bf5 is the strong threat.} 25. Rc5 Qb4) 25. Kd1 $17 {[%emt 0:05:38] [#]} Bxe3 $1 26. Rxe3 Rxe3 $40 {[%emt 0:00:22][%mdl 192] Pin. Black attacks with force. Dancing on a razor blade.} 27. Rc8+ Kf7 28. Nf3 Re8 (28... h6 $1 $17 {[%cal Od3e4] Threatens to win with ...Be4!} 29. Rh8 Rexf3 30. Rh7+ (30. gxf3 Be4 $17) 30... Ke8 31. Rh8+ (31. gxf3 Be4 $17) 31... Kd7 32. gxf3 Be4 $1 33. fxe4 (33. Bc5 $2 Qxc5 34. fxe4 dxe4 $19) 33... Qxd4+ 34. Ke2 Qf2+ 35. Kd3 dxe4+ 36. Kxe4 Qe1+ 37. Kd3 Qe6 38. Qa4+ Kd6 39. Rd8+ Kc7) 29. Rxe8 (29. Rc7+ $11 Re7 30. Rc3) 29... Kxe8 $19 30. Qg3 {[%emt 0:00:16] [#]} Rf4 $1 31. Qxg5 {[%emt 0:00:30] [#]} Qe7 $1 32. Qxe7+ Kxe7 33. Bxa7 {[%emt 0:00:28][%mdl 4096] Endgame KRB-KBN} Bf1 34. Bc5+ Ke8 35. Be3 Re4 ({And not} 35... Bxg2 36. Bxf4 Bxf3+ 37. Kd2 $11) 36. Kd2 Bxg2 37. Ng5 Re7 38. h6 Be4 39. Bd4 Bg6 40. a4 Rc7 41. Bc3 (41. Bg7 $142) 41... Kd7 42. a5 Rc8 43. b4 (43. Nf3 {was worth a try.} Be4 44. Nd4) 43... Rf8 44. Ke3 Kc6 45. Be5 (45. Bd2 {was called for.}) 45... Rf1 46. Nf3 Rb1 47. Bc3 Kb5 48. Bd2 Rh1 49. Kd4 Rh3 50. Ne5 Be4 51. Be1 Rxh6 52. Nf7 Rg6 53. Ke5 Bd3 54. Nd8 Rg7 55. Ne6 Rg1 56. Bf2 Rg8 57. Be1 Kc6 58. Nd4+ Kd7 59. Bh4 Rg4 60. Bf6 Bc4 61. b5 Rg2 62. a6 bxa6 63. bxa6 Ra2 64. a7 Rxa7 65. Ne6 Ra8 66. Ng7 {[%emt 0:00:41] Inhibits Re8+.} Ra2 67. Bg5 Rh2 {[%emt 0:01:01] Inhibits Nh5. White must now prevent ...h6.} 68. Bf4 Rh1 69. Nf5 Rh5 70. Kf6 Bd3 71. Ng7 Rh1 {[%emt 0:00:26] aiming for ...Be4.} 72. Ne6 Be4 73. Nd4 Rd1 74. Ke5 Rg1 75. Ne6 Re1 76. Kf6 Kc6 77. Bg3 Rf1+ 78. Ke5 Kb5 {[%emt 0:00:17] And now ...Kc4 would win.} 79. Kd4 Rd1+ 80. Ke3 Kc4 81. Ke2 Rb1 82. Be5 {[%emt 0:00:13] Prevents d4.} Rb7 {[%emt 0:01:01] ( -> ...Re7)} 83. Ke3 Re7 {[%emt 0:00:26] Weighted Error Value: White=0.48/Black=0.17 (very precise)} 0-1

[Event "101st Irish Championship 2022"]
[Site "Dublin"]
[Date "2022.07.05"]
[Round "2.4"]
[White "O'Connell, Gerard"]
[Black "Pang, Khai Jie Ryan"]
[Result "1/2-1/2"]
[ECO "A57"]
[WhiteElo "2052"]
[BlackElo "1841"]
[Annotator "TA"]
[PlyCount "87"]
[EventDate "2022.07.05"]
[EventType "swiss"]
[EventCountry "IRL"]
[SourceTitle "playchess.com"]
[Source "ChessBase"]
[SourceQuality "1"]
[TimeControl "40/6300+30:1800+30"]

1. d4 Nf6 2. c4 c5 3. d5 b5 4. Nf3 b4 5. Nbd2 g6 6. b3 {[%emt 0:00:06] A57: Benko/Volga Gambit.} Bg7 7. Bb2 d6 8. g3 {[%emt 0:00:34] White has an edge.} O-O 9. Bg2 a5 10. a4 Ra7 11. O-O e6 12. dxe6 Bxe6 13. e4 {[%emt 0:25:16] [#]} Bg4 $146 ({Predecessor:} 13... Nc6 14. Qc2 Re7 15. Rad1 Qc7 16. Rfe1 Bc8 17. Nf1 Bb7 18. Ne3 Ne5 19. Nxe5 dxe5 {1-0 (41) Palo,D (2163)-Skytte,R (2346) Aalborg 2000}) 14. Qc2 Nc6 15. h3 {[%emt 0:00:53] [#] And now Bxf6 would win.} Bc8 16. Rad1 Re8 17. Rfe1 Rae7 18. Kh2 Qc7 19. Ba1 Bb7 20. Re2 Nb8 21. Ne1 Nbd7 22. Nd3 Bc6 ({Much weaker is} 22... Bxe4 23. Nxe4 Nxe4 24. Bxe4 Bxa1 25. Rxa1 $11) 23. Rde1 Qb7 (23... Nh5 $5 ) 24. f3 Qc7 25. Nf1 Nh5 26. Bxg7 Nxg7 27. Ne3 Nb6 ({Black should play} 27... Ne6 $11) 28. Nf4 $14 Ne6 29. Nxe6 Rxe6 30. h4 h5 31. Bh3 Re5 32. Nd5 (32. Rd1 $16) 32... Bxd5 $11 {[%emt 0:07:13] The position is equal.} 33. exd5 Nd7 34. Bxd7 Rxe2+ 35. Rxe2 Qxd7 {[%emt 0:00:17][%mdl 4096] Endgame KQR-KQR} 36. Re4 Qd8 37. Kg2 Rxe4 38. Qxe4 {[%emt 0:00:11] KQ-KQ} Qf6 {[%emt 0:00:16] [#] Hoping for ...Qb2+.} 39. Qe3 Qb2+ 40. Kf1 Kg7 41. Ke1 Qb1+ 42. Ke2 Qc2+ 43. Ke1 Qb1+ 44. Ke2 {[%emt 0:00:00] Weighted Error Value: White=0.12 (very precise) /Black=0.10 (very precise)} 1/2-1/2

[Event "101st Irish Championship 2022"]
[Site "Dublin"]
[Date "2022.07.05"]
[Round "2.5"]
[White "Li, Henry"]
[Black "Ivanov, Andrey A."]
[Result "1-0"]
[ECO "B23"]
[WhiteElo "2319"]
[BlackElo "2180"]
[Annotator "TA"]
[PlyCount "89"]
[EventDate "2022.07.05"]
[EventType "swiss"]
[EventCountry "IRL"]
[SourceTitle "playchess.com"]
[Source "ChessBase"]
[SourceQuality "1"]
[TimeControl "40/6300+30:1800+30"]

1. e4 c5 2. Nc3 g6 3. f4 Bg7 4. Nf3 Nc6 5. Bb5 Nd4 6. O-O Nxb5 7. Nxb5 a6 8. Nc3 e6 {[%emt 0:00:48] B23: Closed Sicilian: Lines without g3.} (8... b5 $142) 9. e5 $11 d5 {[%emt 0:01:33] Inhibits Ne4.} 10. d4 cxd4 {[%emt 0:03:26] White has an edge.} 11. Nxd4 Ne7 12. Kh1 O-O {[%emt 0:09:29] [#]} 13. Qe2 $146 ({Predecessor:} 13. Be3 b6 14. a4 Bb7 15. Qd2 Nc6 16. Nxc6 Bxc6 17. Ne2 Qc7 18. Nd4 Rfe8 19. a5 bxa5 20. Qxa5 {0-1 (68) Rodriguez Marquez,L (1421)-Matus,N (1766) Montevideo 2016}) 13... Nc6 14. Be3 Nxd4 15. Bxd4 f6 16. a4 fxe5 17. fxe5 ({White should play} 17. Bxe5 $11 Bf6 18. Bxf6 Qxf6 19. Qd2) 17... Qe7 18. Qe3 Qc7 19. Rxf8+ Kxf8 (19... Bxf8 $11 20. Rf1 Bd7) 20. Bc5+ $14 Kg8 21. Bd6 Qc4 (21... Qc6 $14) 22. Qd3 {[%emt 0:00:00] White is more active.} (22. b3 $16 Qc6 23. Rc1) 22... Qxd3 $11 23. cxd3 Bf8 (23... Bh6 $11) 24. Bxf8 $14 Kxf8 {[%emt 0:00:19][%mdl 4096] Endgame KRB-KRN} 25. Ne2 Ke7 26. Nd4 Bd7 27. Kg1 Rf8 28. b3 Rf4 29. Nc2 b5 (29... Rf5 $11) 30. a5 $1 $16 Rf5 31. Re1 Rf8 32. Nb4 Rc8 {[%emt 0:00:41] [#]} 33. Kf2 $1 {[%emt 0:00:00] Ke3 is the strong threat.} Rc3 {[%emt 0:00:31] [#]} 34. Rb1 {[%emt 0:00:00] Strongly threatening Kf3.} Bc8 $2 {[%emt 0:00:31] This costs Black the game.} (34... d4 $16) 35. Ke3 $18 Bb7 36. g3 Rc8 37. Kd4 Rc7 38. Rf1 Rc8 39. h4 Rd8 $2 (39... Rc7 {might work better.} 40. g4 Rc8) 40. Kc5 {[%emt 0:01:00] White is clearly winning.} Rb8 41. Kb6 d4 42. Kc7 Bg2 43. Kxb8 Bxf1 44. Kb7 Kd7 45. Nxa6 {[%emt 0:00:58] Weighted Error Value: White=0.15 (very precise) /Black=0.38} 1-0

[Event "101st Irish Championship 2022"]
[Site "Dublin"]
[Date "2022.07.05"]
[Round "2.6"]
[White "Goss, Alex"]
[Black "Flynn, Jacob"]
[Result "0-1"]
[ECO "B31"]
[WhiteElo "1859"]
[BlackElo "2199"]
[Annotator "TA"]
[PlyCount "50"]
[EventDate "2022.07.05"]
[EventType "swiss"]
[EventCountry "IRL"]
[SourceTitle "playchess.com"]
[Source "ChessBase"]
[SourceQuality "1"]
[TimeControl "40/6300+30:1800+30"]

1. e4 c5 2. Nf3 Nc6 3. Bb5 g6 4. Bxc6 dxc6 5. h3 e5 6. d3 f6 7. Be3 Nh6 8. a4 {[%emt 0:01:17] B31: Sicilian: 2...Nc6 3 Bb5 g6.} Be6 9. a5 Nf7 10. Nbd2 {[%emt 0:02:54] The position is equal.} f5 {[%emt 0:13:08] [#] White must now prevent ...f4.} 11. g3 $146 {[%emt 0:07:38] Against f4} ({Predecessor:} 11. exf5 gxf5 12. Qe2 Qf6 13. Nc4 Bxc4 14. dxc4 O-O-O 15. O-O Rg8 16. Rfd1 Bd6 17. b4 {0-1 (45) Agdelen,H (2302)-Usun,T (2052) Antalya 2018}) 11... Qf6 {[%emt 0:05:23] And now ...f4 would win.} 12. exf5 gxf5 13. Qe2 O-O-O 14. Rb1 (14. O-O-O $11 {remains equal.}) 14... Kb8 $17 15. Nc4 (15. h4 $17) 15... Bxc4 16. dxc4 e4 (16... f4 $17 17. Bd2 fxg3 18. fxg3 Qg6) 17. Nd2 ({White should try} 17. Nh4 $1 $15) 17... Ng5 (17... h5 $19 18. Bf4+ Bd6) 18. Bxg5 (18. Kd1 $142) 18... Qxg5 19. Qe3 Qh5 (19... Qg6 $19 {Hoping for ...Bh6.} 20. Nf1 Rd4) 20. Qe2 (20. g4 $17 {might work better.} fxg4 21. Nxe4) 20... Qg6 $19 21. Nb3 (21. Nf1 {keeps fighting.}) 21... e3 {[%emt 0:07:46][%cal Be4e3,Be3f2][%mdl 32] [#] aiming for ...Bd6.} 22. Qf3 $2 (22. O-O {was necessary.} exf2+ 23. Qxf2) 22... f4 {[%emt 0:03:49] Strongly threatening ...exf2+. Black is clearly winning.} 23. Rc1 ({Avoid the trap} 23. Qxf4+ $2 Bd6 24. Qxe3 Rhe8 25. Qxe8 Qxe8+ 26. Kf1 Qe4) 23... Bd6 24. g4 Rde8 25. a6 exf2+ {[%emt 0:00:34] Weighted Error Value: White=0.61/Black=0.26 (precise)} 0-1

[Event "101st Irish Championship 2022"]
[Site "Dublin"]
[Date "2022.07.05"]
[Round "2.7"]
[White "O`cuilleanain, Oisin"]
[Black "Carroll, Peter"]
[Result "0-1"]
[ECO "B51"]
[WhiteElo "1936"]
[BlackElo "2116"]
[Annotator "TA"]
[PlyCount "66"]
[EventDate "2022.07.05"]
[EventType "swiss"]
[EventCountry "IRL"]
[SourceTitle "playchess.com"]
[Source "ChessBase"]
[SourceQuality "1"]
[TimeControl "40/6300+30:1800+30"]

1. e4 c5 2. Nf3 d6 3. Bb5+ Nd7 4. O-O a6 5. Bxd7+ Bxd7 6. d4 cxd4 7. Qxd4 e5 8. Qd3 Rc8 {[%emt 0:01:13] B51: Sicilian: Moscow Variation (3 Bb5+) without 3...Bd7.} 9. c4 {[%emt 0:01:23] Inhibits Bb5.} b5 10. Nfd2 Nf6 {[%emt 0:05:30][%cal Bg8f6,Bf6h5,Bh5f4,Bf4e2,Be2c1][%mdl 32] The position is equal.} 11. Nc3 Qb6 12. b3 Be7 13. Bb2 O-O {[%emt 0:00:17] [#]} 14. Rfc1 $146 ({Predecessor:} 14. Rac1 Rfd8 15. Kh1 Bf8 16. f4 exf4 17. Rxf4 Ng4 18. Qe2 Qe3 19. Qxe3 Nxe3 20. h3 g6 21. Rf3 Bh6 22. Re1 Nc2 23. Rd1 Be6 {0-1 (23) Ramezani,M (2143)-Mosadeghpour,M (2355) Lorestan 2019}) 14... b4 15. Nd1 Nh5 16. Bxe5 (16. Ne3 $11 {keeps the balance.}) 16... dxe5 $17 17. Qxd7 Bc5 {[%emt 0:00:29] [#] Threatens to win with ...Rcd8.} (17... Bg5 $5 18. Qh3 Bxd2 19. Qxh5 Bxc1 20. Rxc1 Qd4 $15) 18. Nf1 Nf4 {[%emt 0:07:06][%cal Oc5f2] Hoping for ...Bxf2+!} 19. Nde3 Ne2+ 20. Kh1 Nxc1 {[%emt 0:03:33] 0x0.0002dca21e89dp-1022s more active pieces.} 21. Rxc1 Rcd8 22. Qg4 (22. Qf5 $142) 22... Bxe3 ({Black should try} 22... Qg6 $17 {White must now prevent ...Qxg4.} 23. Qh4 Rd3) 23. Nxe3 $11 Rd2 24. c5 Qe6 25. Nf5 (25. h3 $1 $11) 25... g6 $36 {[%emt 0:03:03][%mdl 2048] Black is in control.} 26. c6 {[%emt 0:00:12] [#]} (26. h3 $17) 26... Kh8 (26... Rxa2 27. c7 $15 (27. Nh6+ $2 Kg7 $19)) ({Better is} 26... Rd3 $1 $19 {And now ...Rc3 would win.} 27. h3 Rc3) 27. Ne3 (27. Qg5 $17 Rd3 28. Ne7 (28. Qh6 Rg8 $17)) 27... Qxg4 (27... Rxf2 28. c7 Rc8 29. Qh4 $15) (27... Rxa2 28. Qd1 $15) 28. Nxg4 $19 {[%emt 0:00:02][%mdl 4096] Endgame KRR-KRN} Rc8 {[%emt 0:03:05][%cal Oc8c6] Strongly threatening ...Rxc6!} (28... Rxa2 29. g3 $17) 29. Ne3 (29. g3 $17 {was called for.}) 29... Rc7 ({And not} 29... Rxf2 30. Kg1 Rxa2 31. Nd5 $11) 30. Rc5 (30. g3 $142 Rd6 31. Nd5 Rcxc6 32. Rxc6 Rxc6 33. Nxb4) 30... f6 ({Worse is} 30... Rxa2 31. h3 $11) ({But not} 30... Rxf2 $2 31. Kg1 Rf6 32. Rxe5 Rcxc6 33. Nc4) (30... Rd6 $142 31. g3 Rcxc6) 31. Rd5 $2 (31. g3 {is a better chance.} Rd6 32. Nd5 Rcxc6 33. Ra5) 31... Rxa2 {[%emt 0:02:57] Black is clearly winning.} 32. g3 {[%emt 0:01:59] aiming for Rd8+.} Rxc6 33. Rd7 Rxf2 {[%emt 0:00:41] Weighted Error Value: White=0.72/Black=0.24 (precise)} 0-1